 Seeded DCSS version 0.31-a0-703-gcfe89afef6 (webtiles) character file.

Game seed: 5017591152642433436 (custom seed)

5 bmack86 the Shield-Bearer (level 1, 19/19 HPs)
             Began as a Minotaur Fighter on Sept 8, 2023.
             Quit the game on level 1 of the Dungeon.
             The game lasted 00:00:50 (131 turns).

bmack86 the Shield-Bearer (Minotaur Fighter)         Turns: 131, Time: 00:00:51

Health: 19/19      AC:  6    Str: 20    XL:     1   Next: 66%
Magic:  0/0        EV:  9    Int:  5    God:
Gold:   20         SH:  4    Dex:  9    Spells: 0/0 levels left

rFire   . . .        a - +0 war axe
rCold   . . .        c - +0 buckler
rNeg    . . .        b - +0 scale mail
rPois   .            (helmet restricted)
rElec   .            (no cloak)
rCorr   .            (no gloves)
SInv    .            (no boots)
Will    .....        (no amulet) Stlth
                     (no ring)
HPRegen 0.23/turn    (no ring)
MPRegen 0.07/turn

%: no passive effects
@: no status effects
A: horns 2, retaliatory headbutt
a: no special abilities


You were on level 1 of the Dungeon.
You visited 1 branch of the dungeon, and saw 1 of its levels.

You collected 20 gold pieces.

Inventory:

Hand Weapons
 a - a +0 war axe (weapon)
Armour
 b - a +0 scale mail (worn)
 c - a +0 buckler (worn)
Scrolls
 e - a scroll of acquirement
Potions
 d - a potion of might


   Skills:
 - Level 3.6 Fighting
 + Level 2.6 Axes
 - Level 3.6 Armour
 * Level 4.0 Shields


You couldn't memorise any spells.
You didn't know any spells.
Your spell library was empty.

Dungeon Overview and Level Annotations

Branches:
Dungeon (1/15)

Altars:


Innate Abilities, Weirdness & Mutations

You have a pair of horns on your head.
You reflexively headbutt those who attack you in melee.


Message History

You barely miss the rat. The rat bites you.
The rat bites you but does no damage.
You barely miss the rat. The rat bites you.
You closely miss the rat. You block the rat's attack.
You barely miss the rat. You block the rat's attack. The rat barely misses you.
You closely miss the rat. You headbutt the rat.
You kill the rat!
You see here a rat corpse.
A hobgoblin comes into view.
The hobgoblin shouts!
You block the hobgoblin's attack. The hobgoblin completely misses you.
You furiously retaliate!
You headbutt the hobgoblin!
You kill the hobgoblin!
You see here a hobgoblin corpse.
Found 2 poisoned darts.
You see here 2 poisoned darts.
An endoplasm comes into view.
The endoplasm quivers.
You hit the endoplasm.
The endoplasm is lightly wounded.
The endoplasm barely misses you.
You completely miss the endoplasm.
The endoplasm is lightly wounded.
The endoplasm hits you but does no damage.
The endoplasm barely misses you.
You hit the endoplasm.
The endoplasm is almost dead.
You block the endoplasm's attack.
You slash the endoplasm!
You kill the endoplasm!
A ball python comes into view.
Found a scroll labelled FONWIE BIHA.
The ball python hisses angrily.
You hit the ball python.
You kill the ball python!
Your Shields skill increases to level 4!
e - a scroll labelled FONWIE BIHA This is a scroll of acquirement!
Are you sure you want to abandon this character and quit the game? (Confirm with "yes".)

#####
#@..#############
#...............#
#.......####.####..#
#..#####......# #..#
#. #.###..# #..## #
#.. ...# #....
#.###.## ##.## #.#
#. #.#.# ..# #. #.#
#.


There were no monsters in sight!

Vanquished Creatures
  A bat (D:1)
  An endoplasm (D:1)
  A hobgoblin (D:1)
  A ball python (D:1)
  A rat (D:1)
5 creatures vanquished.

Notes
Turn   | Place    | Note
-------+----------+-------------------------------------------
     0 | D:1      | bmack86 the Minotaur Fighter began the quest for the Orb.
     0 | D:1      | Reached XP level 1. HP: 19/19 MP: 0/0
   124 | D:1      | Reached skill level 4 in Shields
   131 | D:1      | Identified a scroll of acquirement
   131 | D:1      | Quit the game

Illustrated notes

Levels and vault maps discovered:
D:1:      eino_arrival_water_star, layout_loops_ring

Skill      XL: |  1 |
---------------+----+-----
Shields        | 4 |  4.0
Fighting       | |  3.6
Axes           | |  2.6
Armour         | |  3.6

Action                     || total
---------------------------++-------
  Melee: War axe           ||    15
         Headbutt          ||     1
 Armour: Scale mail        ||    14
  Dodge: Dodged            ||     5
  Block: Buckler           ||     5

Table legend: (Time is in decaauts)
 A = Elapsed time spent in this place.
 B = Non-inter-level travel time spent in this place.
 C = Inter-level travel time spent in this place.
 D = Time resting spent in this place.
 E = Time spent auto-exploring this place.
 F = Levels seen in this place.
 G = Mean time per level.
                   A        B        C        D        E       F      G
               +--------+--------+--------+--------+--------+-----+--------+
         Total |    137 |    137 |      0 |      0 |     41 |   1 |  137.0 |
       Dungeon |    137 |    137 |      0 |      0 |     41 |   1 |  137.0 |
               +--------+--------+--------+--------+--------+-----+--------+

Top non-repeatable levels by time:
     D:1: 137 daAuts
